 Dungeon Crawl Stone Soup version 0.30-a0-313-gae38170b09 (webtiles) character file.

Game seed: 894523311077167096

50430 Hlep the Fencer (level 14, -14/115 HPs)
             Began as a Formicid Fighter on Oct 26, 2022.
             Was an Elder of the Shining One.
             Demolished by a titanic slime creature (68 damage)
             ... on level 12 of the Dungeon.
             The game lasted 00:44:21 (16086 turns).

Hlep the Fencer (Formicid Fighter)                 Turns: 16086, Time: 00:44:22

Health: -14/115    AC: 20    Str: 29    XL:     14   Next: 97%
Magic:  18/18      EV: 11    Int:  8    God:    the Shining One [****..]
Gold:   1018       SH: 12    Dex: 15    Spells: 13/13 levels left

rFire   + . .      SeeInvis +    f - +10 zealot's sword {holy, *Rage rN+ EV+3}
rCold   + . .      Faith    .    H - +0 kite shield
rNeg    + + +      Spirit   .    C - +0 chain mail of the Snail {Dex+2 Slay+4}
rPois   +          Reflect  .    (helmet unavailable)
rElec   +          Harm     .    i - +2 cloak {rPois}
rCorr   .          Rampage  .    l - +2 pair of gloves
Will    ++...                    a - +0 pair of boots
Stlth   ..........               b - amulet of the acrobat
HPRegen 0.39/turn                s - ring of protection from cold
MPRegen 0.16/turn                r - ring "Ataloil" {rElec rF+ Will+ Str+3 SInv}

@: glowing
A: permanent stasis, dig shafts and tunnels, antennae 3, four strong arms
a: Dig, Shaft Self, Renounce Religion, Divine Shield, Cleansing Flame


You were on level 12 of the Dungeon.
You worshipped the Shining One.
The Shining One was greatly pleased with you.
You visited 2 branches of the dungeon, and saw 17 of its levels.
You also visited: Sewer.

You collected 1018 gold pieces.

Inventory:

Hand Weapons
 f - the +10 zealot's sword (weapon) {holy, *Rage rN+ EV+3}
   (You acquired it on level 1 of the Dungeon)

   It has been blessed by the Shining One to cause great damage to the undead
   and demons.
   Whenever the wielder enters a berserk rage, their allies are berserked
   alongside them.
   EV:        It affects your evasion (+3).
   rN:        It protects you from negative energy.
   *Rage:     It berserks you when you make melee attacks (+20% chance).
 q - a +2 dire flail of protection
 G - a +3 long sword of freezing
Missiles
 c - 2 curare-tipped darts (quivered)
Armour
 a - a +0 pair of boots (worn)
 i - a +2 cloak of poison resistance (worn)
 l - a +2 pair of gloves (worn)
 C - the +0 chain mail of the Snail (worn) {Dex+2 Slay+4}
   (You found it on level 7 of the Dungeon)

   Dex:       It affects your dexterity (+2).
   Slay:      It affects your accuracy & damage with ranged weapons and melee
   (+4).
 H - a +0 kite shield (worn)
Jewellery
 b - an amulet of the acrobat (around neck)
 h - a ring of flight
 r - the ring "Ataloil" (right hand) {rElec rF+ Will+ Str+3 SInv}
   (You took it off an orc on level 8 of the Dungeon)

   [ring of willpower]

   Str:       It affects your strength (+3).
   rF:        It protects you from fire.
   rElec:     It insulates you from electricity.
   SInv:      It lets you see invisible.
   Will:      It increases your willpower.
 s - a ring of protection from cold (left hand)
 w - a ring of protection from cold
Wands
 g - a wand of mindburst (5)
 n - a wand of flame (52)
 u - a wand of polymorph (3)
 y - a wand of light (18)
 B - a wand of charming (16)
 D - a wand of roots (4)
Scrolls
 o - 3 scrolls of poison
 v - 6 scrolls of identify
 x - 3 scrolls of enchant armour
 A - 2 scrolls of summoning
 F - 2 scrolls of magic mapping
 J - 2 scrolls of enchant weapon
Potions
 d - 3 potions of might
 e - 4 potions of lignification
 j - a potion of cancellation
 k - 2 potions of mutation
 m - 8 potions of curing
 p - 2 potions of ambrosia
 t - 3 potions of attraction
 z - 3 potions of flight
 I - 2 potions of heal wounds


   Skills:
 + Level 12.2 Fighting
 * Level 18.5 Long Blades
 + Level 10.8 Armour
 + Level 10.5 Shields
 * Level 5.9 Invocations
 - Level 1.3 Evocations


You had 13 spell levels left.
You didn't know any spells.
Your spell library contained the following spells:

 Spells                   Type           Power      Damage    Failure   Level
 Foxfire                  Conj/Fire      0%         2x1d4     97%         1
 Kiss of Death            Conj/Necr      0%         2d5       97%         1
 Slow                     Hex            0%         N/A       97%         1
 Ensorcelled Hibernation  Hex/Ice        0%         N/A       99%         2
 Passwall                 Tmut/Erth      0%         N/A       99%         2
 Confusing Touch          Hex            0%         N/A       100%        3
 Dazzling Flash           Conj/Hex       0%         N/A       100%        3
 Inner Flame              Hex/Fire       0%         N/A       100%        3
 Kindle Blastsparks       Fire/Tloc/Air  0%         2d10      100%        3
 Portal Projectile        Hex/Tloc       0%         N/A       100%        3
 Tukima's Dance           Hex            0%         N/A       100%        3
 Vampiric Draining        Necr           0%         2d6       100%        3
 Dispel Undead            Necr           0%         3d6       100%        4
 Flame Wave               Conj/Fire      0%         2d4       100%        4
 Fulminant Prism          Conj/Hex       0%         3d6       100%        4
 Iskenderun's Mystic Bla  Conj/Tloc      0%         2d3       100%        4
 Passage of Golubria      Tloc           0%         N/A       100%        4
 Sticky Flame             Conj/Fire      0%         2d3       100%        4
 Agony                    Necr           0%         N/A       100%        5
 Blade Hands              Tmut           0%         N/A       100%        5
 Fireball                 Conj/Fire      0%         3d3       100%        5
 Lee's Rapid Deconstruct  Erth           0%         3d4*      100%        5
 Silence                  Hex/Air        0%         N/A       100%        5
 Starburst                Conj/Fire      0%         6d3       100%        6
 Lehudib's Crystal Spear  Conj/Erth      0%         10d2      100%        8
 Swiftness                Air            Unusable   N/A       N/A         3

Dungeon Overview and Level Annotations

Branches:
Dungeon (12/15)            Temple (0/1) D:7            Lair (5/5) D:10
 Shoals (0/4) Lair:2       Spider (0/4) Lair:2        Slime (0/5) Lair:5
    Orc (0/2) D:10          Sewer (visited)

Altars:
Dithmenos
Elyvilon
Fedhas
Gozag
Makhleb
Qazlal
Ru
Trog
Vehumet
Wu Jian
Xom
Yredelemnul
The Shining One
Jiyva

Shops:
D:1 [


Innate Abilities, Weirdness & Mutations

You cannot be hasted, slowed, berserked, paralysed or teleported.
You can dig through walls and to a lower floor.
You have a pair of large antennae on your head. (SInv)
Your four strong arms can wield two-handed weapons with a shield.


Message History

The slime creature quivers.
You slice the slime creature!!
The slime creature is moderately wounded.
The boulder beetle curls into a ball and begins rolling!
You block the slime creature's attack.
You slash the slime creature!
The slime creature is severely wounded.
You completely miss the slime creature.
The slime creature is severely wounded.
A very large slime creature splits.
The slime creature hits you!
You slice the slime creature!!
The slime creature is almost dead.
Two slime creatures merge to form a very large slime creature.
You slice the very large slime creature!!
The very large slime creature is heavily wounded.
Two slime creatures merge to form an enormous slime creature.
The slime creature hits you!
You hit the boulder beetle but do no damage.
The boulder beetle is moderately wounded.
The boulder beetle closely misses you.
The boulder beetle stops rolling and uncurls.
You slash the boulder beetle!
The boulder beetle is heavily wounded.
The slime creature hits you.
You slash the boulder beetle!
The boulder beetle is severely wounded.
The boulder beetle bites you!!
The slime creature completely misses you.
Two slime creatures merge to form a titanic slime creature.
You slice the boulder beetle!!
The boulder beetle is almost dead.
The boulder beetle leaps!
You slash the titanic slime creature!
The titanic slime creature is moderately wounded.
You block the slime creature's attack. The titanic slime creature hits you.
The boulder beetle leaps!
The titanic slime creature attacks as you move away!
The titanic slime creature hits you!!!
Ouch! That really hurt!
You die...

##### #...#
######...# #....#)).#
#....#.).##########.#
#..>.'.......(......#
#....#B...°°.########
#....#....##@J......
###.##.[..###J.##...
##.###+#.# ..#
#......#... .... {
#..############..
#..#...... ....
#....# ... ##.### ..
#.#


You could see a boulder beetle, a titanic slime creature and a slime creature.

Vanquished Creatures
  Gastronok (D:11)
  A fire dragon (Lair:5)
  Fannar (D:10)
  3 death yaks
  2 boulder beetles
  3 two-headed ogres
  Sonja (D:10)
  A lindwurm (Lair:5)
  A cyclops (D:12)
  Maurice (D:11)
  2 merfolk sirens (Lair:2)
  16 elephants
  2 molten gargoyles (Lair:5)
  Joseph (D:8)
  6 black mambas
  4 cane toads
  2 unseen horrors
  3 rime drakes
  Psyche (D:10)
  Maggie (D:10)
  10 komodo dragons
  A kobold demonologist (D:11)
  2 merfolk (Lair:2)
  A troll (D:11)
  6 polar bears
  14 blink frogs
  4 dream sheep
  3 jumping spiders (Lair:2)
  3 shadows
  6 slime creatures (D:12)
  71 yaks
  10 wyverns
  A wraith (D:11)
  8 basilisks
  2 steam dragons
  A redback (Lair:2)
  2 hell hounds (Lair:5)
  17 water moccasins
  5 orc warriors
  2 sky beasts
  2 black bears
  3 centaurs
  6 wolves (Lair:3)
  3 kobold brigands
  5 bullfrogs
  A necrophage (D:4)
  A gnoll sergeant (D:10)
  5 wights (D:6)
  4 killer bees (D:9)
  7 howler monkeys
  5 lava snakes (Lair:5)
  4 hounds
  5 orc priests
  A jelly (D:6)
  7 iguanas
  Crazy Yiuf (D:3)
  2 gnoll boudas (D:7)
  9 orc wizards
  Jessica (D:2)
  Terence (D:3)
  A hound skeleton (D:4)
  16 gnolls
  6 adders
  2 river rats (Sewer)
  2 shadow imps
  A white imp (D:7)
  6 worms
  43 orcs
  7 bats
  6 endoplasms
  5 giant cockroaches
  8 hobgoblins
  4 jackals (D:2)
  27 kobolds
  5 quokkas
  8 ball pythons
  5 frilled lizards
  9 goblins
  4 rats
460 creatures vanquished.

Vanquished Creatures (collateral kills)
  A gargoyle (D:10)
1 creature vanquished.

Vanquished Creatures (others)
  An orc (D:7)
  24 fungi
  22 plants
47 creatures vanquished.

Grand Total: 508 creatures vanquished

Notes
Turn   | Place    | Note
-------+----------+-------------------------------------------
     0 | D:1      | Hlep the Formicid Fighter began the quest for the Orb.
     0 | D:1      | Reached XP level 1. HP: 18/18 MP: 1/1
   201 | D:1      | Reached XP level 2. HP: 11/24 MP: 2/2
   346 | D:1      | Found a faded altar of an unknown god.
   535 | D:1      | Reached skill level 3 in Long Blades
   667 | D:1      | Found Ufar Jisyck's Antique Armour Emporium.
   810 | D:1      | Identified a scroll of acquirement
   810 | D:1      | Acquired the +10 zealot's sword {holy, *Rage rN+ EV+3}
   810 | D:1      | Found the +10 zealot's sword {holy, *Rage rN+ EV+3}
   994 | D:2      | Reached XP level 3. HP: 29/29 MP: 3/3
  1205 | D:2      | Noticed Jessica
  1214 | D:2      | Killed Jessica
  1215 | D:2      | Reached skill level 4 in Long Blades
  1215 | D:2      | Reached XP level 4. HP: 35/35 MP: 4/4
  1925 | D:3      | Reached skill level 5 in Long Blades
  1925 | D:3      | Reached XP level 5. HP: 40/41 MP: 5/5
  2075 | D:3      | Found a runed translucent door.
  2076 | D:3      | Noticed Crazy Yiuf
  2082 | D:3      | Killed Crazy Yiuf
  2167 | D:3      | Reached XP level 6. HP: 47/47 MP: 6/6
  2258 | D:3      | Found an ornate altar of the Wu Jian Council.
  2260 | D:3      | Noticed Terence
  2268 | D:3      | Killed Terence
  2269 | D:3      | Reached skill level 6 in Long Blades
  2790 | D:4      | Found a glowing drain.
  2806 | Sewer    | Entered a sewer
  3076 | Sewer    | Reached skill level 7 in Long Blades
  3076 | Sewer    | Reached XP level 7. HP: 44/52 MP: 7/7
  3273 | D:4      | Found a shimmering altar of Xom.
  3365 | D:4      | Found a burning altar of Makhleb.
  3508 | D:5      | Entered Level 5 of the Dungeon
  3576 | D:5      | Reached skill level 8 in Long Blades
  3582 | D:5      | Reached XP level 8. HP: 46/58 MP: 8/8
  3701 | D:5      | Found a white marble altar of Elyvilon.
  3811 | D:5      | Noticed a two-headed ogre
  3822 | D:5      | Killed a two-headed ogre
  3823 | D:5      | Reached skill level 10 in Long Blades
  3823 | D:5      | Reached XP level 9. HP: 24/65 MP: 9/9
  4460 | D:6      | Found a glowing golden altar of the Shining One.
  4466 | D:6      | Became a worshipper of the Shining One
  4823 | D:6      | Reached skill level 11 in Long Blades
  5287 | D:7      | Found a staircase to the Ecumenical Temple.
  5297 | D:7      | Reached * piety under the Shining One
  5386 | D:7      | Reached skill level 12 in Long Blades
  5390 | D:7      | Reached skill level 5 in Armour
  5398 | D:7      | Identified the +0 chain mail of the Snail {Dex+2 Slay+4}
  5864 | D:8      | Reached XP level 10. HP: 73/73 MP: 10/10
  5898 | D:8      | Found a radiant altar of Vehumet.
  5915 | D:8      | Noticed a two-headed ogre
  5924 | D:8      | Killed a two-headed ogre
  5925 | D:8      | Reached skill level 5 in Fighting
  5925 | D:8      | Reached skill level 5 in Shields
  6110 | D:8      | Noticed Joseph
  6121 | D:8      | Killed Joseph
  6124 | D:8      | Identified the ring "Ataloil" {rElec rF+ Will+ Str+3 SInv}
  6132 | D:8      | Reached skill level 13 in Long Blades
  6297 | D:8      | Found a bloodstained altar of Trog.
  6736 | D:9      | Found a blossoming altar of Fedhas.
  6758 | D:9      | Found an opulent altar of Gozag.
  6761 | D:9      | Found a sacrificial altar of Ru.
  6764 | D:9      | Found a stormy altar of Qazlal.
  6767 | D:9      | Found a basalt altar of Yredelemnul.
  6946 | D:9      | Reached XP level 11. HP: 81/81 MP: 11/11
  6980 | D:9      | Reached skill level 14 in Long Blades
  7273 | D:9      | Reached ** piety under the Shining One
  7319 | D:9      | Found a shadowy altar of Dithmenos.
  7373 | D:10     | Entered Level 10 of the Dungeon
  7668 | D:10     | Found a staircase to the Lair.
  7830 | D:10     | Noticed Maggie
  7837 | D:10     | Killed Maggie
  7982 | D:10     | Noticed Fannar
  8011 | D:10     | Killed Fannar
  8012 | D:10     | Reached skill level 15 in Long Blades
  8012 | D:10     | Reached XP level 12. HP: 80/92 MP: 12/12
  8154 | D:10     | Found a staircase to the Orcish Mines.
  8556 | D:11     | Noticed a two-headed ogre
  8564 | D:11     | Killed a two-headed ogre
  8725 | D:11     | Noticed a boulder beetle
  8757 | D:11     | Noticed Gastronok
  8778 | D:11     | Killed Gastronok
  9037 | D:11     | Noticed Sonja
  9074 | D:10     | HP: 3/89 [Sonja/+2 short sword of distortion (25)]
  9334 | D:10     | Killed Sonja
  9455 | D:11     | Noticed Psyche
  9455 | D:11     | Noticed Maurice
  9471 | D:10     | Killed Psyche
  9494 | D:11     | Killed Maurice
  9503 | D:11     | Killed a boulder beetle
  9821 | Lair:1   | Entered Level 1 of the Lair of Beasts
  9858 | Lair:1   | Reached skill level 16 in Long Blades
  9949 | Lair:1   | Reached skill level 1 in Evocations
 10608 | Lair:2   | Noticed a death yak
 10620 | Lair:1   | Reached XP level 13. HP: 78/101 MP: 13/13
 10924 | Lair:2   | Found a staircase to the Shoals.
 10925 | Lair:2   | Reached *** piety under the Shining One
 10937 | Lair:2   | Reached skill level 10 in Fighting
 11077 | Lair:2   | Found a hole to the Spider Nest.
 11157 | Lair:2   | Found a shimmering altar of Xom.
 11618 | Lair:2   | Reached skill level 17 in Long Blades
 11908 | Lair:3   | Reached skill level 1 in Invocations
 12238 | Lair:3   | Reached skill level 10 in Armour
 12963 | Lair:4   | Reached XP level 14. HP: 111/111 MP: 16/16
 13738 | Lair:5   | Entered Level 5 of the Lair of Beasts
 14264 | Lair:5   | Reached skill level 18 in Long Blades
 14618 | Lair:5   | Identified the +0 leather armour "Umpu" {rF+}
 14696 | Lair:5   | Reached **** piety under the Shining One
 14713 | Lair:5   | Reached skill level 10 in Shields
 14860 | Lair:5   | Reached skill level 5 in Invocations
 15074 | Lair:5   | Found a viscous altar of Jiyva.
 15075 | Lair:5   | Found a staircase to the Slime Pits.
 15552 | Lair:5   | Found a large runed translucent door.
 15553 | Lair:5   | Found a large runed translucent door.
 16086 | D:12     | Demolished by a titanic slime creature

Illustrated notes

Levels and vault maps discovered:
D:1:      reono_arrival_forest_river, layout_basic,
          shapermc_ecumenical_altar_totnotflames, serial_shops,
          nicolae_shop_hallway_stairs, st_stairs_11, grunt_decor_arrowhead
D:2:      layout_loops_ring, uniq_jessica
D:3:      layout_loops_ring, mainiacjoe_overflow_catwalk,
          uniq_crazy_yiuf_cottage, uniq_terence
D:4:      layout_loops_ring, kennysheep_little_box, makhleb_blood_cavern_becter,
          cheibrodos_sewer_entry_drain
D:5:      layout_gridville, elyvilon_altar_4
D:6:      layout_gridville, mainiacjoe_overflow_six_doors_small
D:7:      nicolae_cairo_tiling, layout_cave_pools,
          minmay_temple_entry_mini_moons
D:8:      layout_cave_pools, bloody_trog, vehumet_altar_wand_db, uniq_joseph
D:9:      layout_loops_cross, nicolae_dithmenos_through_a_glass_darkly,
          kennysheep_mini, grunt_temple_overflow_cloverleaf,
          hangedman_abyss_or_decor_jellyfish_corner
D:10:     layout_small_grid, minmay_lair_entry_grove, david_orc_4,
          serial_park_tiny_1, small_statue_intersection, uniq_maggie,
          uniq_fannar
D:11:     layout_cave_pools, uniq_psyche, uniq_sonja, uniq_maurice,
          uniq_gastronok
D:12:     layout_basic
Lair:1:   layout_gridlike, cheibrodos_lair_lostbears
Lair:2:   layout_gridlike, elwin_shoals_entry_stream,
          spider_nest_entry_funnel_web, basic_altar
Lair:3:   layout_regular_city
Lair:4:   layout_cave_pods, grunt_megastairs_2, infiniplex_staircase_pool_2
Lair:5:   cheibrodos_lair_end_hotspot, layout_regular_city, slime_entry_1

Skill      XL: |  1  2  3  4  5  6  7  8  9 10 11 12 13 14 |
---------------+-------------------------------------------+-----
Long Blades    | 3 4 5 7 8 10 12 13 15 16 17 18 | 18.5
Armour         | 4 5 6 7 9 10 | 10.8
Fighting       | 4 6 8 9 10 12 | 12.2
Shields        | 5 6 7 9 10 | 10.5
Evocations     | 1 |  1.3
Invocations    | 3 5 |  5.9

Action                   |  1- 3 |  4- 6 |  7- 9 | 10-12 | 13-15 || total
-------------------------+-------+-------+-------+-------+-------++-------
Melee: Long sword        |    39 |       |       |       |       ||    39
       Eudemon blade     |    20 |   160 |   166 |   375 |   578 ||  1299
Throw: Throwing net      |       |       |       |     2 |       ||     2
 Abil: Dig               |       |       |       |     3 |     5 ||     8
Evoke: Wand              |       |       |       |     2 |       ||     2
  Use: Scroll            |     7 |     5 |     7 |     4 |     2 ||    25
       Potion            |       |       |     1 |     2 |     1 ||     4
Armor: Scale mail        |    28 |     6 |       |       |       ||    34
       Plate armour      |       |    44 |    62 |       |       ||   106
       Chain mail        |       |       |       |    88 |   134 ||   222
Dodge: Dodged            |    43 |    89 |    61 |   166 |   185 ||   544
       Repelled          |       |     1 |       |     3 |       ||     4
Block: Buckler           |    19 |    35 |    33 |    57 |       ||   144
       Kite shield       |       |       |       |    41 |   216 ||   257

Table legend: (Time is in decaauts)
 A = Elapsed time spent in this place.
 B = Non-inter-level travel time spent in this place.
 C = Inter-level travel time spent in this place.
 D = Time resting spent in this place.
 E = Time spent auto-exploring this place.
 F = Levels seen in this place.
 G = Mean time per level.
                   A        B        C        D        E       F      G
               +--------+--------+--------+--------+--------+-----+--------+
         Total |  15827 |  15307 |    520 |   1258 |  10534 |  18 |  879.3 |
       Dungeon |   9545 |   9232 |    313 |    873 |   6315 |  12 |  795.4 |
          Lair |   5873 |   5667 |    206 |    385 |   4034 |   5 | 1174.6 |
         Sewer |    408 |    408 |      0 |      0 |    184 |   1 |  408.0 |
               +--------+--------+--------+--------+--------+-----+--------+

Top non-repeatable levels by time:
  Lair:5: 1959 daAuts
    D:11: 1277 daAuts
    D:10: 1164 daAuts
  Lair:4: 1010 daAuts
  Lair:3: 1004 daAuts
  Lair:1: 999 daAuts
     D:1: 906 daAuts
  Lair:2: 898 daAuts
     D:9: 866 daAuts
     D:6: 850 daAuts
     D:5: 814 daAuts
     D:2: 802 daAuts
     D:3: 800 daAuts
     D:4: 664 daAuts
     D:8: 645 daAuts
